 Dungeon Crawl Stone Soup version 0.18-a0-1670-gb40d73e (webtiles) character file.

36110 angel3174 the Basher (level 13, -9/87 HPs)
             Began as a Gargoyle Berserker on Apr 1, 2016.
             Was a High Priest of Trog.
             Mangled by a black mamba (shapeshifter) (10 damage)
             ... on level 15 of the Dungeon.
             The game lasted 01:30:39 (17067 turns).

angel3174 the Basher (Gargoyle Berserker)          Turns: 17067, Time: 01:30:39

Health: -9/87      AC: 25    Str: 32      XL:     13   Next: 88%
Magic:  4/4        EV: 14    Int:  7      God:    Trog [*****.]
Gold:   753        SH:  0    Dex:  8 (9)  Spells: 0 memorised, 12 levels left

rFire  . . .     SeeInvis .     I - +5 demon whip (antimagic)
rCold  + . .     Gourm    .     f - +2 ring mail {rC+}
rNeg   + . .     Faith    .     (no shield)
rPois  ∞         Spirit   .     (helmet restricted)
rElec  +         Dismiss  .     v - +0 cloak
rCorr  .         Reflect  .     W - +1 pair of gloves
SustAt .         Harm     .     (no boots)
MR     ++...                    (no amulet)
Stlth  ..........               g - +5 ring of strength
                                h - +3 ring of protection

@: about to teleport, manticore barbs, regenerating, very resistant to hostile
enchantments, extremely unstealthy
A: antennae 1, talons 1, deterioration 1, high mp 1, mutation resistance 1,
negative energy resistance 1, electricity resistance, unbreathing, petrification
resistance, no device heal 1, rot immunity, AC +9
a: Berserk, Trog's Hand, Brothers in Arms, Burn Spellbooks, Renounce Religion


You were on level 15 of the Dungeon.
You worshipped Trog.
Trog was extremely pleased with you.
You were not hungry.

You visited 1 branch of the dungeon, and saw 15 of its levels.
You also visited: Sewer.

You collected 963 gold pieces.
You spent 210 gold pieces at shops.

Inventory:

Hand Weapons
 a - a +1 mace of crushing
 A - a +0 shortbow
 E - a +0 blowgun
 I - a +5 antimagic demon whip (weapon)
Missiles
 q - 449 arrows
 D - 13 poisoned arrows
 F - 42 poisoned needles
Armour
 f - a +2 ring mail of cold resistance (worn)
 u - a +3 leather armour of fire resistance
 v - a +0 cloak (worn)
 w - a +2 helmet
 W - a +1 pair of gloves (worn)
Jewellery
 g - a +5 ring of strength (right hand)
 h - a +3 ring of protection (left hand)
 t - an uncursed ring of ice
Wands
 x - a wand of paralysis (9/24)
 z - a wand of teleportation (0/9)
 C - a wand of slowing (26/48)
 H - a wand of flame (28/48)
 N - a wand of hasting (2/9)
 U - a wand of iceblast (11/15)
Scrolls
 d - 2 scrolls of teleportation
 e - a scroll of immolation
 o - a scroll of remove curse
Potions
 i - 3 potions of brilliance
 l - 2 potions of mutation
 n - 2 potions of ambrosia
 r - 5 potions of flight
 s - 7 potions of curing
 G - a potion of cancellation
 K - a potion of resistance
Books
 b - an Akashic Record

   Spells                             Type                      Level
   a - Dispersal                      Translocation                6
   b - Malign Gateway                 Summoning/Translocation      7
   c - Disjunction                    Translocation                8
   d - Controlled Blink               Translocation                8
   Trog disapproves of the use of such an item.
 R - a book of Flames

   Spells                             Type                      Level
   a - Flame Tongue                   Conjuration/Fire             1
   b - Throw Flame                    Conjuration/Fire             2
   c - Conjure Flame                  Conjuration/Fire             3
   d - Inner Flame                    Hexes/Fire                   3
   e - Sticky Flame                   Conjuration/Fire             4
   f - Fireball                       Conjuration/Fire             5
   Trog disapproves of the use of such an item.
 T - a book of Minor Magic

   Spells                             Type                      Level
   a - Magic Dart                     Conjuration                  1
   b - Blink                          Translocation                2
   c - Call Imp                       Summoning                    2
   d - Repel Missiles                 Charms/Air                   2
   e - Slow                           Hexes                        2
   f - Conjure Flame                  Conjuration/Fire             3
   g - Mephitic Cloud                 Conjuration/Poison/Air       3
   Trog disapproves of the use of such an item.
Miscellaneous
 J - a phantom mirror
 L - a phial of floods
 P - a box of beasts {used: 3}
 V - a fan of gales
Comestibles
 c - 4 bread rations
 j - 4 chunks of flesh
 k - 2 beef jerkies
 m - 5 royal jellies
 p - 2 meat rations


   Skills:
 * Level 12.4 Fighting
 * Level 13.4 Maces & Flails
 + Level 2.2 Throwing
 * Level 11.8 Armour
 * Level 9.8 Dodging
 + Level 0.8 Evocations


You had 12 spell levels left.
You didn't know any spells.

Dungeon Overview and Level Annotations

Branches:
Dungeon (15/15)            Temple (0/1) D:6            Lair (0/8) D:8
    Orc (0/2) D:12         Vaults (0/5) D:14
 Depths: D:15

Altars:
Ashenzari
Dithmenos
Gozag
Kikubaaqudgha
Makhleb
Nemelex Xobeh
Qazlal
Sif Muna
Vehumet
The Shining One

Shops:
D:5 }   D:8 *

Annotations:
D:13 exclusion: obsidian statue


Innate Abilities, Weirdness & Mutations

You are resistant to torment.
Your stone body is resilient (AC +9).
You are immune to poison.
You resist negative energy.
You are resistant to electric shocks.
You can survive without breathing.
You are immune to petrification.
You are immune to rotting.
You have a pair of small antennae on your head.
You have sharp toenails.
Your body sometimes deteriorates upon taking damage.
You have an increased reservoir of magic (+10% MP).
You are somewhat resistant to further mutation.
Potions and wands are less effective at restoring your health.


Message History

As you read the scroll of teleportation, it crumbles to dust.
You feel strangely unstable. Something hits you but does no damage.
The black mamba bites you but does no damage.
The black mamba bites you!
* * * LOW HITPOINT WARNING * * *
The freezing wraith barely misses you. The freezing wraith misses you.
The wraith misses you.
Your skin crawls.
You feel resistant to hostile enchantments.
You feel slightly more hungry. The black mamba misses you.
Something hits you but does no damage. The black mamba misses you.
The freezing wraith misses you. The freezing wraith barely misses you.
Something hits you.
* * * LOW HITPOINT WARNING * * *
The wraith hits you but does no damage.
Your ogre goes berserk!
You feel somewhat more hungry. Something hits you!
* * * LOW HITPOINT WARNING * * *
The black mamba bites you!
You die...

# #### #...
#H.# # ..
##
##+#######
###
#...{@Wc.#
#..
#...HWS..#
#..
#....O...#
#..
##########
##### #..
.....##..
.........
.........
...........
...........


You could see a griffon, a freezing wraith, a black mamba, a wraith, a centaur
and a friendly ogre (berserk).

Vanquished Creatures
  Maud (D:10)
  A vault guard (D:14)
  Fannar (D:11)
  Harold (D:10)
  Erolcha (D:10)
  2 hydras
  2 catoblepae (D:15)
  4 centaur warriors
  A tengu warrior (D:13)
  A death yak (D:8)
  7 hill giants
  An unseen horror (D:14)
  A wolf spider zombie (D:14)
  An ugly thing (D:8)
  2 deep elf magi
  A griffon (D:8)
  A cyclops (D:13)
  Joseph (D:10)
  An elephant (D:8)
  A gargoyle (D:10)
  3 kobold demonologists (D:12)
  An efreet (D:14)
  2 trolls
  A slime creature (D:8)
  A wyvern (D:11)
  20 yaks
  A shadow (D:12)
  Grum (D:8)
  A basilisk (D:15)
  2 hippogriffs
  4 vampire mosquitoes (D:13)
  4 hungry ghosts
  2 soldier ants
  5 ice beasts
  Purgy (Sewer)
  2 wasps
  3 phantoms
  6 orc warriors
  4 sky beasts
  A necrophage (D:12)
  5 wolves
  4 ogres
  12 centaurs
  A crocodile (D:8)
  21 big kobolds
  7 giant frogs
  4 wyvern zombies
  3 scorpions
  A wyvern skeleton (D:9)
  5 spriggan skeletons (D:12)
  14 killer bees
  8 howler monkeys
  3 jellies
  4 wights (D:12)
  A troll skeleton (D:12)
  10 crimson imps
  3 quasits
  Crazy Yiuf (D:7)
  6 hounds
  17 orc wizards
  3 centaur zombies
  6 orc priests
  A water moccasin simulacrum (D:9)
  6 giant frog skeletons
  Jessica (D:3)
  A centaur skeleton (D:9)
  3 iguanas
  Ijyb (D:3)
  16 worker ants
  Natasha (thrice) (D:3)
  A sheep (D:8)
  A hound zombie (D:6)
  A hound skeleton (D:6)
  A howler monkey zombie (D:7)
  2 worker ant zombies
  11 gnolls
  A howler monkey skeleton (D:9)
  15 adders
  A river rat (D:4)
  2 shadow imps
  2 white imps (D:9)
  5 oozes
  An adder zombie (D:6)
  2 worms
  A dart slug (D:2)
  10 giant geckos
  54 orcs
  6 ball pythons
  9 giant cockroaches
  12 goblins
  7 hobgoblins
  19 jackals
  4 quokkas
  7 bats
  A giant cockroach zombie (D:6)
  2 giant gecko zombies
  8 giant newts
  A jackal zombie (D:5)
  23 kobolds
  A quokka simulacrum (D:9)
  7 rats
  A fungus (D:7)
487 creatures vanquished.

Vanquished Creatures (collateral kills)
  A tengu warrior (D:13)
  A kobold demonologist (D:12)
  A yak (D:11)
  A wasp (D:13)
  A killer bee (D:11)
  A wight (D:12)
  A hound (D:11)
  2 kobolds (D:12)
9 creatures vanquished.

Vanquished Creatures (others)
  An unseen horror (D:14)
1 creature vanquished.

Grand Total: 497 creatures vanquished

Notes
Turn   | Place    | Note
--------------------------------------------------------------
     0 | D:1      | angel3174 the Gargoyle Berserker began the quest for the Orb.
     0 | D:1      | Reached XP level 1. HP: 14/14 MP: 1/1
    98 | D:1      | Reached XP level 2. HP: 19/19 MP: 2/2
   809 | D:2      | Reached XP level 3. HP: 23/24 MP: 3/3
  1045 | D:2      | Reached ** piety under Trog
  1434 | D:2      | Reached XP level 4. HP: 25/29 MP: 4/4
  1749 | D:2      | HP: 2/43 [dart slug/slug dart (5)]
  2232 | D:3      | Noticed Natasha
  2240 | D:3      | Killed Natasha
  2240 | D:3      | Reached XP level 5. HP: 33/33 MP: 5/5
  2460 | D:3      | Noticed Ijyb
  2475 | D:3      | Killed Ijyb
  2510 | D:3      | Noticed Natasha
  2525 | D:3      | Killed Natasha
  2525 | D:3      | Reached skill level 4 in Maces & Flails
  2678 | D:3      | Reached *** piety under Trog
  2772 | D:3      | Noticed Jessica
  2775 | D:3      | Killed Jessica
  2775 | D:3      | Reached XP level 6. HP: 39/39 MP: 6/6
  2908 | D:3      | Noticed Natasha
  2944 | D:3      | Killed Natasha
  2992 | D:3      | Found a sparkling altar of Nemelex Xobeh.
  3417 | D:4      | Reached skill level 5 in Fighting
  3473 | D:4      | Found a shadowy altar of Dithmenos.
  3560 | D:4      | Reached **** piety under Trog
  3706 | D:4      | Reached XP level 7. HP: 23/44 MP: 7/7
  3850 | D:4      | Found a glowing drain.
  3854 | Sewer    | Entered a sewer
  3989 | Sewer    | Noticed Purgy
  4011 | Sewer    | Killed Purgy
  4596 | D:4      | Reached skill level 5 in Armour
  4827 | D:5      | Entered Level 5 of the Dungeon
  4869 | D:5      | Found a deep blue altar of Sif Muna.
  4870 | D:5      | Found an ancient bone altar of Kikubaaqudgha.
  4874 | D:5      | Found a radiant altar of Vehumet.
  4874 | D:5      | Found a burning altar of Makhleb.
  4929 | D:5      | Reached XP level 8. HP: 28/51 MP: 8/8
  5150 | D:5      | Found a stormy altar of Qazlal.
  5151 | D:5      | Found an opulent altar of Gozag.
  5170 | D:5      | Found a shattered altar of Ashenzari.
  5226 | D:5      | Reached skill level 5 in Maces & Flails
  5441 | D:5      | Found Wirgh's Gadget Boutique.
  5451 | D:5      | Bought a plain deck of summoning for 210 gold pieces
  6268 | D:6      | Gained mutation: You have sharp toenails. [potion of mutation]
  6268 | D:6      | Gained mutation: Your body sometimes deteriorates upon taking damage. [potion of mutation]
  6268 | D:6      | Gained mutation: You have a pair of small antennae on your head. [potion of mutation]
  6640 | D:6      | Found a staircase to the Ecumenical Temple.
  6699 | D:6      | Reached skill level 6 in Maces & Flails
  6699 | D:6      | Reached XP level 9. HP: 34/56 MP: 9/9
  7531 | D:7      | Reached skill level 5 in Dodging
  7798 | D:7      | Identified the Disquisition on the Traveller
  7812 | D:7      | Reached ***** piety under Trog
  8262 | D:7      | Reached skill level 1 in Throwing
  8268 | D:7      | Reached skill level 7 in Maces & Flails
  8439 | D:7      | Noticed Crazy Yiuf
  8447 | D:7      | Killed Crazy Yiuf
  8535 | D:8      | Found Wnitimi's Whimsical Warehouse.
  8631 | D:8      | Noticed a centaur warrior
  8634 | D:8      | Noticed a griffon
  8641 | D:8      | Noticed a green ugly thing
  8647 | D:8      | Killed a centaur warrior
  8647 | D:8      | Reached XP level 10. HP: 64/64 MP: 10/10
  8667 | D:8      | Killed a griffon
  8673 | D:8      | Killed a green ugly thing
  8673 | D:8      | Reached skill level 8 in Maces & Flails
  9091 | D:8      | Noticed an elephant
  9112 | D:8      | Killed an elephant
  9183 | D:8      | Noticed a death yak
  9213 | D:8      | HP: 2/66 [death yak (11)]
  9215 | D:8      | Killed a death yak
  9565 | D:8      | Reached skill level 9 in Maces & Flails
  9588 | D:8      | Gained mutation: Armour fits poorly on your strangely shaped body. [mutagenic meat]
  9589 | D:8      | Gained mutation: You are somewhat resistant to further mutation. [mutagenic meat]
  9676 | D:8      | Found a staircase to the Lair.
  9736 | D:8      | Reached XP level 11. HP: 66/71 MP: 11/11
  9738 | D:8      | Noticed Grum
  9953 | D:8      | Reached skill level 10 in Armour
  9960 | D:8      | Killed Grum
 10041 | D:8      | Found a glowing golden altar of the Shining One.
 10972 | D:9      | Received a gift from Trog
 11340 | D:10     | Entered Level 10 of the Dungeon
 11388 | D:10     | Noticed Erolcha
 11405 | D:10     | Killed Erolcha
 11434 | D:10     | Noticed Joseph
 11463 | D:10     | Killed Joseph
 11652 | D:10     | Reached skill level 10 in Fighting
 11833 | D:10     | Reached skill level 10 in Maces & Flails
 12127 | D:10     | Noticed a hill giant
 12135 | D:10     | Killed a hill giant
 12217 | D:10     | Noticed Harold
 12249 | D:10     | Killed Harold
 12249 | D:10     | Reached XP level 12. HP: 58/78 MP: 4/12
 12368 | D:10     | Noticed Maud
 12387 | D:10     | Killed Maud
 12748 | D:11     | Reached skill level 11 in Maces & Flails
 13077 | D:11     | Noticed Fannar
 13077 | D:11     | Noticed an eight-headed hydra
 13193 | D:11     | Killed Fannar
 13248 | D:11     | Killed an eight-headed hydra
 13338 | D:11     | Gained mutation: Potions and wands are less effective at restoring your health. [mutagenic meat]
 13340 | D:11     | Lost mutation: Armour fits poorly on your strangely shaped body. [mutagenic meat]
 13393 | D:11     | Gained mutation: You have an increased reservoir of magic (+10% MP). [mutagenic meat]
 13629 | D:11     | Reached ****** piety under Trog
 13939 | D:12     | Found a staircase to the Orcish Mines.
 13950 | D:12     | Noticed a sun demon
 13955 | D:12     | Noticed a sun demon
 14103 | D:12     | Received a gift from Trog
 14283 | D:12     | Reached skill level 12 in Maces & Flails
 14283 | D:12     | Reached XP level 13. HP: 82/84 MP: 4/14
 16441 | D:14     | Reached skill level 13 in Maces & Flails
 16709 | D:14     | Received a gift from Trog
 16788 | D:14     | Found a gate to the Vaults.
 16788 | D:14     | Noticed a vault guard
 16802 | D:14     | Killed a vault guard
 16929 | D:15     | Entered Level 15 of the Dungeon
 17067 | D:15     | HP: 1/87 [something (7)]
 17067 | D:15     | Mangled by a black mamba (shapeshifter)

Vault maps used:
D:1:      lightli_arrival_statue_moat
D:2:      serial_bayou_pond_c
D:3:      nemelex_dance_club_becter, uniq_jessica, uniq_natasha, uniq_iyjb
D:4:      kennysheep_mini_moat, gup_sewer_entry_spiral, first_bread,
          grunt_decor_fettered
D:5:      grunt_temple_overflow_open, serial_shops, shop
D:6:      minmay_temple_entry_crystal_x, corexii_corridor_pit, minivault_1
D:7:      uniq_crazy_yiuf_cottage
D:8:      minmay_curly_fans, david_lair_generic, basic_altar,
          nicolae_alphabet_shops, uniq_grum
D:9:      serial_ice, serial_ice_e, serial_ice_k, serial_ice_o, serial_ice_n,
          eino_tiny_chamber
D:10:     uniq_maud, uniq_joseph, uniq_erolcha, uniq_harold
D:11:     uniq_fannar
D:12:     hangedman_tell_no_tales, serial_bayou_crossing
D:13:     minmay_statue_bubble
D:14:     david_vaults_5, stair_cage_line
D:15:     hangedman_depths_entry_try_elsewhere_first, serial_shops,
          nicolae_shop_crystal, minmay_misc_feat_iff, evilmike_minifort
Sewer:    sewer_co_purgy_island

Skill      XL: |  1  2  3  4  5  6  7  8  9 10 11 12 13 |
---------------+----------------------------------------+-----
Dodging        | 2 3 4 5 6 7 9 |  9.8
Fighting       | 4 5 6 8 9 10 11 12 | 12.4
Armour         | 3 4 5 6 8 9 10 11 | 11.8
Maces & Flails | 4 6 7 9 10 12 13 | 13.4
Throwing       | 1 2 |  2.2
Evocations     | |  0.8

Action                   |  1- 3 |  4- 6 |  7- 9 | 10-12 | 13-15 || total
-------------------------+-------+-------+-------+-------+-------++-------
Melee: Mace              |   136 |   310 |   670 |   280 |       ||  1396
       Flail             |       |       |   219 |       |       ||   219
       Demon whip        |       |       |       |   547 |   404 ||   951
Throw: Tomahawk          |       |       |    13 |    51 |     5 ||    69
Invok: Berserk           |       |     4 |     9 |     5 |     1 ||    19
       Burn Spellbooks   |       |       |       |     1 |       ||     1
       Trog's Hand       |       |       |       |     1 |     4 ||     5
       Brothers in Arms  |       |       |       |       |     2 ||     2
Evoke: Wand              |       |       |     1 |     2 |       ||     3
       Deck              |       |       |       |     5 |     5 ||    10
       Phial of floods   |       |       |       |     1 |       ||     1
       Box of beasts     |       |       |       |       |     3 ||     3
  Use: Scroll            |     6 |       |     8 |     5 |     6 ||    25
       Potion            |     1 |       |     9 |     4 |       ||    14
 Stab: Petrifying        |       |       |       |       |     1 ||     1
  Eat: Chunk             |     2 |    12 |     9 |    23 |     4 ||    50
       Bread ration      |       |       |     4 |     4 |     1 ||     9
       Pizza             |       |       |       |     2 |       ||     2
       Fruit             |       |       |       |       |     3 ||     3
